 Dungeon Crawl Stone Soup version 0.19.4-25-g1b72edd (webtiles) character file.

93 tilp the Cudgeler (level 4, -6/49 HPs)
             Began as an Ogre Berserker on Feb 28, 2017.
             Was a Believer of Trog.
             Mangled by a gnoll
             ... wielding a +0 halberd
              (12 damage)
             ... on level 3 of the Dungeon.
             The game lasted 00:11:34 (2064 turns).

tilp the Cudgeler (Ogre Berserker)                  Turns: 2064, Time: 00:11:35

Health: -6/49      AC:  4    Str: 23    XL:     4   Next: 61%
Magic:  4/4        EV: 10    Int:  6    God:    Trog [**....]
Gold:   141        SH:  0    Dex:  9    Spells: 0 memorised, 3 levels left

rFire  . . .     SeeInvis .     a - +0 mace
rCold  . . .     Gourm    .     b - +0 animal skin
rNeg   . . .     Faith    .     (no shield)
rPois  .         Spirit   .     (helmet restricted)
rElec  .         Reflect  .     o - +0 cloak
rCorr  .         Harm     .     (gloves unavailable)
MR     .....                    (boots unavailable)
Stlth  +.........               (no amulet)
                                (no ring)
                                (no ring)

@: no status effects
A: unfitting armour, tough skin 1
a: Berserk, Trog's Hand, Burn Spellbooks, Renounce Religion


You were on level 3 of the Dungeon.
You worshipped Trog.
Trog was pleased with you.
You were not hungry.

You visited 1 branch of the dungeon, and saw 3 of its levels.

You collected 141 gold pieces.

Inventory:

Hand Weapons
 a - a +0 mace (weapon)
 d - a +0 hunting sling
 j - a +3 dagger
 p - a +0 whip
 x - a +0 mace
Missiles
 m - 14 poisoned needles
 n - 28 stones (quivered)
 u - 67 arrows
 w - 37 bolts
Armour
 b - a +0 animal skin (worn)
 o - a +0 cloak (worn)
Scrolls
 f - a scroll of blinking {unknown}
 h - 2 scrolls of amnesia {unknown}
 k - a scroll of fear {unknown}
 l - a scroll of identify {unknown}
 t - 2 scrolls of remove curse {unknown}
 v - a scroll of magic mapping {unknown}
Potions
 e - 3 potions of curing {unknown}
 g - 3 potions of heal wounds {unknown}
 i - a potion of magic {unknown}
 r - a potion of degeneration {unknown}
Comestibles
 c - 2 bread rations
 s - a beef jerky


   Skills:
 + Level 4.9 Fighting
 + Level 5.5 Maces & Flails
 + Level 3.3 Dodging


You had 3 spell levels left.
You didn't know any spells.

Dungeon Overview and Level Annotations

Branches:
Dungeon (3/15)

Altars:
Fedhas


Innate Abilities, Weirdness & Mutations

You are too large for most types of armour.
You have tough skin. (AC +1)


Message History

You hit the goblin.
You kill the goblin!
Trog accepts your kill. The gnoll completely misses you.
You hit the gnoll.
The gnoll is moderately wounded.
The gnoll misses you. x2
You hit the gnoll but do no damage.
The gnoll is moderately wounded.
The gnoll barely misses you.
The gnoll hits you from afar with a halberd.
* * * LOW HITPOINT WARNING * * *
The gnoll barely misses you.
A bat comes into view.
The gnoll hits you.
* * * LOW HITPOINT WARNING * * *
You open the door. The gnoll hits you.
* * * LOW HITPOINT WARNING * * *
The gnoll hits you from afar with a halberd!
You die...

#..........##.......).....##
#.......>.................'.
#..........##.#...........##
#..........##.#...........##
####...>.[.......#...........##
#........###.###.+...........##
#........# #.# #.............##
#........###+###.#.#'#'########
#..........'_'@g.#.#........###
#........#######g..............
#........# ### #.#.#..........#
#........#######...#.)......#.#
#..................#........#.#
#.......###..).....#.#.######.#
#.......).......<..#.#......#.#
#.......###.######.#.######'#.#
######(## #b.. ..#.####......


You could see 2 gnolls.

Vanquished Creatures
  A gnoll (D:3)
  An adder (D:2)
  2 worms
  4 dart slugs
  A leopard gecko (D:2)
  An orc (D:3)
  A ball python (D:1)
  6 bats
  7 giant cockroaches
  8 goblins
  5 hobgoblins
  9 kobolds
  4 frilled lizards
  5 rats
55 creatures vanquished.

Notes
Turn   | Place    | Note
-------+----------+-------------------------------------------
     0 | D:1      | tilp the Ogre Berserker began the quest for the Orb.
     0 | D:1      | Reached XP level 1. HP: 24/24 MP: 1/1
    76 | D:1      | Reached XP level 2. HP: 12/32 MP: 2/2
   293 | D:1      | Reached XP level 3. HP: 22/40 MP: 3/3
   736 | D:2      | Found a faded altar of an unknown god.
   740 | D:2      | Reached ** piety under Trog
  1173 | D:2      | Reached skill level 5 in Maces & Flails
  1537 | D:3      | Reached XP level 4. HP: 43/49 MP: 4/4
  2009 | D:3      | Found a blossoming altar of Fedhas.
  2064 | D:3      | Mangled by a gnoll

Skill      XL: |  1  2  3 |
---------------+----------+-----
Dodging        | 3 |  3.3
Maces & Flails | 5 |  5.5
Fighting       | |  4.9

Action                   |  1- 3 |  4- 6 || total
-------------------------+-------+-------++-------
Melee: Mace              |   113 |    67 ||   180
Throw: Stone             |     1 |     3 ||     4
  Eat: Bread ration      |     1 |       ||     1
       Pizza             |     1 |       ||     1
Armor: Animal skin       |    38 |    24 ||    62
Dodge: Dodged            |    59 |    45 ||   104
